 Dungeon Crawl Stone Soup version 0.30-a0-329-g85436e0a43 (webtiles) character file.

Game seed: 7414866647213720830

3683 drewk1942 the Fighter (level 9, -1/76 HPs)
             Began as a Demonspawn Fighter on Oct 28, 2022.
             Was a Follower of Okawaru.
             Killed from afar by an electric eel (9 damage)
             ... with a bolt of electricity
             ... on level 8 of the Dungeon.
             The game lasted 00:15:29 (5941 turns).

drewk1942 the Fighter (Demonspawn Fighter)          Turns: 5941, Time: 00:15:29

Health: -1/76      AC:  9    Str: 21    XL:     9   Next: 90%
Magic:  9/9        EV: 10    Int: 15    God:    Okawaru [*.....]
Gold:   318        SH:  5    Dex: 12    Spells: 8/8 levels left

rFire   . . .      SeeInvis .    k - +4 trident "Wuli Ozi" {drain, Int+5}
rCold   + . .      Faith    .    c - +0 buckler
rNeg    . . .      Spirit   .    G - +1 ring mail {rC+}
rPois   .          Reflect  .    (no helmet)
rElec   .          Harm     .    (no cloak)
rCorr   .          Rampage  .    g - +0 pair of gloves
Will    .....                    (no boots)
Stlth   +.........               (no amulet)
HPRegen 0.32/turn                (no ring)
MPRegen 0.11/turn                (no ring)

@: no status effects
A: claws 2, thin metallic scales 1, spiny 2
a: Renounce Religion, Heroism


You were on level 8 of the Dungeon.
You worshipped Okawaru.
Okawaru was aware of your devotion.
You visited 2 branches of the dungeon, and saw 9 of its levels.
You also visited: Sewer.

You collected 318 gold pieces.

Inventory:

Hand Weapons
 a - a +0 war axe
 e - a +3 dagger of venom
 k - the +4 trident "Wuli Ozi" (weapon) {drain, Int+5}
   (You found it on level 2 of the Dungeon)

   A truly terrible weapon, it drains the life of any living foe it strikes.
   Int:       It affects your intelligence (+5).
 w - the +12 flail "Pebew" {chaos, rF- Dex+5}
   (You found it on level 8 of the Dungeon)

   Each time it hits an enemy it has a different, random effect.
   Dex:       It affects your dexterity (+5).
   rF:        It makes you vulnerable to fire.
 E - a +1 spear of venom
Missiles
 f - 34 poisoned darts (quivered)
 s - 3 silver boomerangs
 x - 3 boomerangs
 F - 5 javelins
Armour
 b - a +0 scale mail
 c - a +0 buckler (worn)
 g - a +0 pair of gloves (worn)
 C - a +1 leather armour of fire resistance
 G - a +1 ring mail of cold resistance (worn)
Jewellery
 i - a +6 ring of dexterity
Wands
 l - a wand of charming (13)
 r - a wand of digging (11)
 t - a wand of flame (28)
 A - a wand of polymorph (10)
Scrolls
 j - a scroll of noise
 m - a scroll of identify
 o - a scroll of enchant weapon
 u - 2 scrolls of teleportation
 y - a scroll of blinking
Potions
 d - 2 potions of might
 h - 5 potions of flight
 n - 5 potions of curing
 p - a potion of degeneration {unknown}
 q - a potion of haste {unknown}
 v - a potion of ambrosia {unknown}
 z - 2 potions of heal wounds
 B - a potion of attraction


   Skills:
 + Level 9.0 Fighting
 - Level 2.3(5.7) Axes
 * Level 8.3(8.5) Polearms
 + Level 4.8 Throwing
 - Level 2.7 Armour
 - Level 0.3 Stealth
 + Level 4.2 Shields


You had 8 spell levels left.
You didn't know any spells.
Your spell library contained the following spells:

 Spells                   Type           Power      Damage    Failure   Level
 Foxfire                  Conj/Fire      0%         2x1d4     50%         1
 Sandblast                Erth           0%         2d4       50%         1
 Passwall                 Tmut/Erth      0%         N/A       65%         2
 Stone Arrow              Conj/Erth      0%         3d7       86%         3
 Petrify                  Tmut/Erth      0%         N/A       99%         4
 Metabolic Englaciation   Hex/Ice        0%         N/A       100%        5
 Statue Form              Tmut/Erth      0%         N/A       100%        6


Dungeon Overview and Level Annotations

Branches:
Dungeon (8/15)             Temple (1/1) D:7           Sewer (visited)
   Lair: D:8-11

Altars:
Ashenzari
Dithmenos
Fedhas
Gozag
Hepliaklqana
Nemelex Xobeh
Okawaru
Qazlal
Ru
Sif Muna
Trog
Uskayaw
Vehumet
Wu Jian
Yredelemnul


Innate Abilities, Weirdness & Mutations

You have very sharp fingernails.
You are partially covered in thin metallic scales. (AC +2)
You are mostly covered in sharp spines.


Message History

Okawaru accepts your kill.
You puncture the yak! You drain the yak.
The yak is moderately wounded.
The gnoll barely misses you. The yak gores you.
You puncture the yak! You drain the yak.
The yak is severely wounded.
The gnoll seems less drained.
The gnoll closely misses you.
You barely miss the yak.
The yak is severely wounded.
The yak gores you!
* * * LOW HITPOINT WARNING * * *
The gnoll misses you.
You hit the yak. You drain the yak.
The yak is almost dead.
The yak gores you but does no damage. The gnoll closely misses you.
You hit the yak.
The yak is almost dead.
The yak is struck by your spines.
You kill the yak!
Okawaru accepts your kill. You block the gnoll's attack.
You are too injured to fight recklessly!
You are too injured to fight recklessly!
Reach: k) +4 trident "Wuli Ozi" {drain, Int+5}
Press: ? - help, Dir - move target, f - gnoll
Aim: a gnoll, wielding a +0 spear (severely wounded, about 28% to evade the +4 trident "Wuli Ozi")
You reach to attack!
You hit the gnoll. You drain the gnoll.
You kill the gnoll!
Okawaru accepts your kill.
You see here a +0 spear.
Found 12 gold pieces.
You see here a +0 club.
The electric eel shoots out a bolt of lightning at you!
The bolt of electricity hits you!
* * * LOW HITPOINT WARNING * * *
You see here the +12 flail "Pebew" {chaos, rF- Dex+5}.
w - the +12 flail "Pebew" {chaos, rF- Dex+5} The electric eel shoots out a bolt of lightning at you!
The bolt of electricity hits you!
You die...

.....##[......###
..................
..................
........<........
......##.##..##.#
.##.###..........
##...).##..<...##
.###...##)##...####
.......@)))#..##
.......#..##..#
........#.....#
.......##S.S~~.
....... ..~~...~
#....~. ~~~~~~≈~
#...~~~ ...~~..$
##..~~.~...~....


You could see 2 electric eels.

Vanquished Creatures
  Grinder (D:4)
  Sigmund (D:3)
  A wyvern (D:7)
  A yak (D:8)
  4 ice beasts
  2 sky beasts
  A wolf (D:8)
  4 ogres
  3 phantoms
  4 bullfrogs
  5 kobold brigands
  A necrophage (D:6)
  A gnoll sergeant (D:7)
  A scorpion (D:5)
  A killer bee (D:7)
  2 howler monkeys (D:7)
  6 hounds
  4 orc priests
  3 jellies
  A gnoll bouda (D:8)
  4 iguanas
  5 orc wizards
  7 gnolls
  8 adders
  4 river rats (Sewer)
  2 white imps
  A worm (D:2)
  2 dart slugs (D:3)
  22 orcs
  2 bats
  10 endoplasms
  2 giant cockroaches
  4 goblins
  6 hobgoblins
  11 jackals
  15 kobolds
  6 quokkas
  9 ball pythons
  A frilled lizard (D:1)
  9 rats
177 creatures vanquished.

Vanquished Creatures (others)
  19 plants (D:3)
19 creatures vanquished.

Grand Total: 196 creatures vanquished

Notes
Turn   | Place    | Note
-------+----------+-------------------------------------------
     0 | D:1      | drewk1942 the Demonspawn Fighter began the quest for the
                  | Orb.
     0 | D:1      | Reached XP level 1. HP: 18/18 MP: 1/1
   300 | D:1      | Gained mutation: You have sharp fingernails. [demonic
                  | ancestry]
   300 | D:1      | Reached XP level 2. HP: 7/24 MP: 2/2
   760 | D:2      | Identified the +4 trident "Wuli Ozi" {drain, Int+5}
   790 | D:2      | Reached skill level 1 in Throwing
   790 | D:2      | Gained mutation: You have very sharp fingernails. [demonic
                  | ancestry]
   790 | D:2      | Reached XP level 3. HP: 17/29 MP: 3/3
   898 | D:2      | Reached skill level 1 in Polearms
  1090 | D:2      | Reached XP level 4. HP: 35/36 MP: 4/4
  1403 | D:3      | Noticed Sigmund
  1408 | D:3      | Killed Sigmund
  1409 | D:3      | Reached skill level 4 in Fighting
  1409 | D:3      | Gained mutation: You are partially covered in thin metallic
                  | scales. (AC +2) [demonic ancestry]
  1409 | D:3      | Reached XP level 5. HP: 34/43 MP: 5/5
  1522 | D:3      | Gained mutation: You are partially covered in sharp spines.
                  | [demonic ancestry]
  1522 | D:3      | Reached XP level 6. HP: 49/49 MP: 6/6
  2173 | D:4      | Noticed Grinder
  2176 | D:4      | Paralysed by Grinder for 2 turns
  2180 | D:4      | Killed Grinder
  2181 | D:4      | Reached skill level 5 in Fighting
  2181 | D:4      | Gained mutation: You are mostly covered in sharp spines.
                  | [demonic ancestry]
  2181 | D:4      | Reached XP level 7. HP: 36/56 MP: 7/7
  2519 | D:4      | Got the Tractate on Telluric Ignition
  2705 | D:5      | Entered Level 5 of the Dungeon
  2801 | D:5      | Found a glowing drain.
  2812 | D:5      | Reached skill level 6 in Fighting
  2821 | Sewer    | Entered a sewer
  2945 | Sewer    | Reached skill level 5 in Polearms
  2945 | Sewer    | Reached XP level 8. HP: 36/65 MP: 8/8
  3443 | D:5      | Reached skill level 7 in Fighting
  3718 | D:6      | Found a radiant altar of Vehumet.
  3720 | D:6      | Found a sacrificial altar of Ru.
  4126 | D:6      | Reached skill level 8 in Fighting
  4194 | D:6      | Reached XP level 9. HP: 67/74 MP: 9/9
  4566 | D:7      | Found a staircase to the Ecumenical Temple.
  4584 | Temple   | Entered the Ecumenical Temple
  4644 | Temple   | Became a worshipper of Warmaster Okawaru
  4793 | D:7      | Reached * piety under Okawaru
  5553 | D:7      | Found a blossoming altar of Fedhas.
  5920 | D:8      | Reached skill level 9 in Fighting
  5940 | D:8      | Identified the +12 flail "Pebew" {chaos, rF- Dex+5}
  5941 | D:8      | Killed from afar by an electric eel

Illustrated notes

Levels and vault maps discovered:
D:1:      lightli_arrival_maybe_door_vault, layout_basic
D:2:      layout_rooms
D:3:      layout_rooms, serial_bayou_lagoon_a, uniq_sigmund
D:4:      layout_basic, uniq_grinder
D:5:      layout_loops_ring, portal_sewer_entry_b
D:6:      layout_loops_ring, gammafunk_temple_overflow_forgotten,
          minmay_checkerbox
D:7:      layout_basic, mainiacjoe_overflow_boulevard,
          minmay_temple_entry_statues_pillars, minmay_fractal_squares_5
D:8:      layout_cave_pools, xom_shifter_show, serial_ice, serial_ice_j,
          serial_ice_b, serial_ice_c, serial_ice_g, serial_shops, shop,
          minmay_liquid_box
Temple:   minmay_freezing_vapour_temple

Skill      XL: |  1  2  3  4  5  6  7  8  9 |
---------------+----------------------------+-----
Axes           | 2 |  2.3
Throwing       | 1 2 3 4 |  4.8
Polearms       | 1 2 3 5 6 8 |  8.3
Fighting       | 4 5 6 8 9 |  9.0
Shields        | 4 |  4.2
Armour         | |  2.7
Stealth        | |  0.3

Action                   |  1- 3 |  4- 6 |  7- 9 || total
-------------------------+-------+-------+-------++-------
Melee: War axe           |    12 |       |       ||    12
       Dagger            |    28 |       |       ||    28
       Trident           |    34 |    56 |   267 ||   357
Throw: Dart              |     8 |       |    36 ||    44
Invok: Heroism           |       |       |     1 ||     1
Evoke: Wand              |       |     3 |     5 ||     8
  Use: Potion            |     1 |       |     1 ||     2
       Scroll            |       |       |    11 ||    11
Armor: Scale mail        |    33 |    15 |    54 ||   102
       Ring mail         |       |       |    17 ||    17
Dodge: Dodged            |    15 |    21 |    87 ||   123
Block: Buckler           |    10 |     3 |    41 ||    54

Table legend: (Time is in decaauts)
 A = Elapsed time spent in this place.
 B = Non-inter-level travel time spent in this place.
 C = Inter-level travel time spent in this place.
 D = Time resting spent in this place.
 E = Time spent auto-exploring this place.
 F = Levels seen in this place.
 G = Mean time per level.
                   A        B        C        D        E       F      G
               +--------+--------+--------+--------+--------+-----+--------+
         Total |   6031 |   5716 |    315 |    100 |   4519 |  10 |  603.1 |
       Dungeon |   5658 |   5348 |    310 |    100 |   4258 |   8 |  707.2 |
        Temple |     65 |     60 |      5 |      0 |     10 |   1 |   65.0 |
         Sewer |    307 |    307 |      0 |      0 |    250 |   1 |  307.0 |
               +--------+--------+--------+--------+--------+-----+--------+

Top non-repeatable levels by time:
     D:7: 1294 daAuts
     D:6: 877 daAuts
     D:1: 755 daAuts
     D:4: 717 daAuts
     D:3: 700 daAuts
     D:5: 677 daAuts
     D:2: 592 daAuts
   Sewer: 307 daAuts
  Temple: 65 daAuts
     D:8: 44 daAuts
